AoeStats
← ILoveMonks

Arena

508648471Analyzed
2v2 RM · 8d ago on Sep 23, 2026· 48m 14s· 4 players
Game mode
Random Map
Map size
Medium (4 player)
Population
200
Speed
Normal
Resources
Standard
Victory
Conquest
Starting age
Dark Age
Ending age
Imperial Age
RankedLock teamsTeams togetherTeam positionsShared explorationLock speedFull tech treeHidden civsTurbo modeCheats
Victory
Defeat
🇩🇪 Danes · Germany
1253
+26
🇩🇪 Saxons · Germany
996
+24
🇬🇷 Cumans · Greece
1183
-19
🇩🇰 Armenians · Denmark
1181
-18
NomadX
8:20 Loom
10:06 Feudal Age
12:43 Double-Bit Axe
19:15 Castle Age
17:24 Horse Collar
18:52 Bloodlines
19:23 Scale Barding Armor
20:23 Town Watch
23:28 Gold Mining
24:58 Wheelbarrow
25:30 Heavy Plow
26:44 Stone Mining
31:36 Imperial Age
29:58 Gold Shaft Mining
29:41 Forging
29:52 Chain Barding Armor
31:48 Iron Casting
34:13 Bow Saw
33:38 Elite Steppe Lancer
36:56 Plate Barding Armor
39:01 Conscription
39:05 Steppe Husbandry
40:29 Blast Furnace
40:36 Fletching
40:47 Padded Archer Armor
43:01 Bodkin Arrow
43:21 Leather Archer Armor
45:07 Ring Archer Armor
45:03 Ballistics
45:46 Chemistry
LeCuzz DeMarr
6:58 Loom
10:34 Feudal Age
10:37 Man-at-Arms
11:34 Long Swordsman
15:26 Double-Bit Axe
15:22 Horse Collar
17:37 Wheelbarrow
20:38 Castle Age
19:21 Gold Mining
20:16 Scale Mail Armor
21:37 Two-Handed Swordsman
22:34 Bow Saw
23:16 Squires
25:31 Gambesons
26:33 Arson
29:39 Hand Cart
31:16 Loom
31:17 Town Watch
34:18 Imperial Age
33:03 Chain Mail Armor
35:31 Conscription
35:45 Fereters
36:15 Plate Mail Armor
35:55 Forging
37:25 Champion
40:39 Ballistics
41:04 Hoardings
40:33 Heavy Plow
MaselDMonkey
7:10 Loom
10:11 Feudal Age
10:54 Double-Bit Axe
17:10 Horse Collar
20:01 Castle Age
18:27 Fletching
18:37 Padded Archer Armor
19:33 Scale Mail Armor
21:40 Gold Mining
21:27 Light Cavalry
22:19 Bloodlines
22:09 Husbandry
22:20 Stone Mining
23:01 Bow Saw
23:37 Bodkin Arrow
23:57 Leather Archer Armor
24:27 Leather Archer Armor
26:27 Wheelbarrow
26:20 Forging
26:04 Gambesons
27:39 Iron Casting
27:09 Scale Barding Armor
27:13 Elite Skirmisher
28:35 Fortified Wall
28:21 Murder Holes
28:42 Crossbowman
30:41 Ballistics
36:07 Imperial Age
33:59 Chain Mail Armor
33:49 Scale Barding Armor
35:03 Man-at-Arms
35:03 Pikeman
35:44 Squires
35:29 Arson
36:08 Chain Barding Armor
36:40 Cavalier
38:09 Hand Cart
37:49 Onager
38:40 Long Swordsman
38:43 Heavy Scorpion
42:16 Chemistry
41:02 Arrowslits
41:09 Elite Varangian Guard
41:58 Thumb Ring
42:13 Hussar
42:41 Cranequins
43:35 Heavy Plow
43:12 Heavy Mounted Crossbowman
44:23 Masonry
44:21 Siege Engineers
45:31 Ring Archer Armor
45:43 Gold Shaft Mining
46:27 Two-Man Saw
46:53 Bracer
47:09 Arbalester
ILoveMonks
10:06 Feudal Age
13:36 Castle Age
11:36 Double-Bit Axe
11:32 Horse Collar
18:51 Bow Saw
20:12 Town Watch
21:49 Wheelbarrow
21:51 Heavy Plow
25:46 Gold Mining
25:46 Stone Mining
26:49 Hand Cart
29:55 Imperial Age
27:11 Loom
28:48 Gold Shaft Mining
28:38 Ballistics
28:21 Scale Mail Armor
28:31 Forging
29:23 Chain Mail Armor
28:36 Hamask
29:08 Pikeman
30:29 Squires
30:14 Arson
29:58 Halberdier
30:44 Arson
31:10 Forging
32:29 Chemistry
31:45 Onager
33:22 Siege Engineers
34:14 Masonry
34:41 Iron Casting
34:37 Plate Mail Armor
34:48 Siege Onager
36:42 Blast Furnace
35:03 Northmen's Fury
36:43 Conscription
36:19 Fletching
36:30 Murder Holes
38:51 Bodkin Arrow
40:12 Bracer
Connection lost

Rejoining the realm…

Still unreachable

The connection could not be restored.

Session expired

The server has moved on; the page needs a fresh start.